TOP OF THE 1ST |
Oakland Oaks batting - Pitching for Joplin Blasters : RHP Justin Potts
|
Pitching: RHP Justin Potts
|
|
Batting: RHB Brian Callaghan
|
0-0: Called Strike 0-1: Called Strike 0-2: Ball 1-2: Strikes out swinging
|
Batting: RHB Scott Lister
|
0-0: Ball 1-0: Called Strike 1-1: Called Strike 1-2: Strikes out swinging
|
Batting: LHB Alejandro Muniz
|
0-0: Ball 1-0: Ball 2-0: Fly out, F6 (Popup, 6, EV 71.9 MPH)
|
Top of the 1st over - 0 runs, 0 hits, 0 errors, 0 left on base; Oakland 0 - Joplin 0 |
BOTTOM OF THE 1ST |
Joplin Blasters batting - Pitching for Oakland Oaks : RHP Dan Rohrbach
|
Pitching: RHP Dan Rohrbach
|
|
Batting: RHB Kevin Wimberly
|
0-0: Foul Ball, location: 2F 0-1: Ball 1-1: Foul Ball, location: 2F 1-2: Strikes out looking
|
Batting: LHB David Bearden
|
0-0: Foul Ball, location: 2F 0-1: Ball 1-1: Ball 2-1: Foul Ball, location: 2F 2-2: Ground out 4-3 (Groundball, 4M, EV 83.8 MPH)
|
Batting: RHB Bobby Matyas
|
0-0: Ground out 1-3 (Groundball, 15S, EV 67.5 MPH)
|
Bottom of the 1st over - 0 runs, 0 hits, 0 errors, 0 left on base; Oakland 0 - Joplin 0 |
TOP OF THE 2ND |
Oakland Oaks batting - Pitching for Joplin Blasters : RHP Justin Potts
|
Batting: SHB Steve Salafia
|
0-0: Ground out 6-3 (Groundball, 6, EV 88.8 MPH)
|
Batting: LHB Mike Murphy
|
0-0: Called Strike 0-1: Ball 1-1: Foul Ball, location: 2F 1-2: SINGLE (Groundball, 34D, EV 96.3 MPH)
|
Batting: LHB Marcus Pollard
|
0-0: Foul Ball, location: 2F 0-1: Swinging Strike 0-2: Ball 1-2: Foul Ball, location: 2F 1-2: SINGLE (Line Drive, 78S, EV 91.9 MPH) Mike Murphy to second
|
Batting: RHB Jon Coakley
|
0-0: Fly out, F7 (Flyball, 7S, EV 85.6 MPH)
|
Batting: RHB Jake Leffel
|
0-0: Called Strike 0-1: Called Strike 0-2: Ball 1-2: Fly out, F9 (Line Drive, 9, EV 85.0 MPH)
|
Top of the 2nd over - 0 runs, 2 hits, 0 errors, 2 left on base; Oakland 0 - Joplin 0 |
BOTTOM OF THE 2ND |
Joplin Blasters batting - Pitching for Oakland Oaks : RHP Dan Rohrbach
|
Batting: LHB Josh Dalton
|
0-0: Ball 1-0: Ball 2-0: DOUBLE (Flyball, 78D, EV 102.5 MPH)
|
Batting: SHB Sean Hill
|
0-0: Fly out, F8 (Flyball, 8LD, EV 89.4 MPH)
|
Batting: RHB Justin Goff
|
0-0: Called Strike 0-1: Called Strike 0-2: Ball 1-2: Strikes out swinging
|
Batting: RHB Jason Birge
|
0-0: Swinging Strike 0-1: Swinging Strike 0-2: Ground out 5-3 (Groundball, 56, EV 84.4 MPH)
|
Bottom of the 2nd over - 0 runs, 1 hit, 0 errors, 1 left on base; Oakland 0 - Joplin 0 |
TOP OF THE 3RD |
Oakland Oaks batting - Pitching for Joplin Blasters : RHP Justin Potts
|
Pitching: RHP Greg Sell
|
|
Batting: RHB Alberto Malagon
|
0-0: Ball 1-0: Ground out 6-3 (Groundball, 6, EV 80.6 MPH)
|
Batting: RHB Brian Callaghan
|
0-0: Ground out 3-1 (Groundball, 34S, EV 88.1 MPH)
|
Batting: RHB Scott Lister
|
0-0: Ball 1-0: Ball 2-0: Ball 3-0: Base on Balls
|
Batting: LHB Alejandro Muniz
|
0-0: Ball Scott Lister is caught stealing 2nd base 2-6
|
Top of the 3rd over - 0 runs, 0 hits, 0 errors, 0 left on base; Oakland 0 - Joplin 0 |
BOTTOM OF THE 3RD |
Joplin Blasters batting - Pitching for Oakland Oaks : RHP Dan Rohrbach
|
Batting: RHB Carlos Santoni
|
0-0: Foul Ball, location: 2F 0-1: Swinging Strike 0-2: Ball 1-2: Strikes out swinging
|
Pitching: RHP Alex Garrett
|
|
Batting: LHB Danny Pacheco
|
0-0: Ball 1-0: Ball 2-0: Swinging Strike 2-1: Called Strike 2-2: SINGLE (Groundball, 4D, EV 93.8 MPH)
|
Batting: RHB Kevin Wimberly
|
0-0: Ball 1-0: Ball 2-0: Called Strike 2-1: Grounds into double play, 6-4-3 (Groundball, 6, EV 85.6 MPH)
|
Bottom of the 3rd over - 0 runs, 1 hit, 0 errors, 0 left on base; Oakland 0 - Joplin 0 |
TOP OF THE 4TH |
Oakland Oaks batting - Pitching for Joplin Blasters : RHP Greg Sell
|
Batting: LHB Alejandro Muniz
|
0-0: Fly out, F2 (Popup, 15S, EV 94.4 MPH)
|
Batting: SHB Steve Salafia
|
0-0: Foul Ball, location: 2F 0-1: Ball 1-1: Ball 2-1: Ball 3-1: Base on Balls
|
Batting: LHB Mike Murphy
|
0-0: Ball 1-0: Ball 2-0: Ball 3-0: Called Strike 3-1: Base on Balls Steve Salafia to second
|
Pitching: LHP Tyler Abraham
|
|
Batting: LHB Marcus Pollard
|
0-0: Called Strike 0-1: Ball 1-1: Ball 2-1: Called Strike 2-2: Foul Ball, location: 2F 2-2: Foul Ball, location: 2F 2-2: Ball 3-2: Base on Balls Steve Salafia to third Mike Murphy to second
|
Batting: RHB Jon Coakley
|
0-0: Ball 1-0: Ball 2-0: Foul Ball, location: 2F 2-1: Ball 3-1: Base on Balls Steve Salafia scores Mike Murphy to third Marcus Pollard to second
|
Batting: RHB Jake Leffel
|
0-0: Ball 1-0: Foul Ball, location: 2F 1-1: Swinging Strike 1-2: Ball 2-2: Ball 3-2: Base on Balls Mike Murphy scores Marcus Pollard to third Jon Coakley to second
|
Pitching: RHP Bryan Kiefer
|
|
Batting: RHB Alberto Malagon
|
0-0: Called Strike 0-1: Ball 1-1: Swinging Strike 1-2: Strikes out looking
|
Batting: RHB Brian Callaghan
|
0-0: Called Strike 0-1: Ball 1-1: Ground out 5-3 (Groundball, 56, EV 96.9 MPH)
|
Top of the 4th over - 2 runs, 0 hits, 0 errors, 3 left on base; Oakland 2 - Joplin 0 |
BOTTOM OF THE 4TH |
Joplin Blasters batting - Pitching for Oakland Oaks : RHP Alex Garrett
|
Batting: LHB David Bearden
|
0-0: Ball 1-0: Foul Ball, location: 2F 1-1: Ball 2-1: Swinging Strike 2-2: Ball 3-2: Strikes out swinging
|
Batting: RHB Bobby Matyas
|
0-0: Called Strike 0-1: Ball 1-1: Called Strike 1-2: Ball 2-2: Ball 3-2: Ground out 6-3 (Groundball, 6M, EV 81.9 MPH)
|
Batting: LHB Josh Dalton
|
0-0: Ball 1-0: Called Strike 1-1: Swinging Strike 1-2: Ball 2-2: SINGLE (Groundball, 56D, EV 97.5 MPH)
|
Batting: SHB Sean Hill
|
0-0: Called Strike 0-1: Foul Ball, location: 2F 0-2: DOUBLE (Line Drive, 9LM, EV 109.4 MPH) Josh Dalton to third Runner from 3rd tries for Home, SAFE, throw by RF to home
|
Batting: RHB Justin Goff
|
0-0: Fly out, F7 (Flyball, 78S, EV 93.8 MPH)
|
Bottom of the 4th over - 1 run, 2 hits, 0 errors, 1 left on base; Oakland 2 - Joplin 1 |
TOP OF THE 5TH |
Oakland Oaks batting - Pitching for Joplin Blasters : RHP Bryan Kiefer
|
Batting: RHB Scott Lister
|
0-0: SINGLE (Flyball, 34D, EV 93.1 MPH)
|
Batting: LHB Alejandro Muniz
|
0-0: Foul Ball, location: 2F 0-1: Ball 1-1: Ball Scott Lister steals 2nd base (no throw) 2-1: Fly out, F8 (Flyball, 8LXD, EV 98.8 MPH) Runner from 2nd tags up, SAFE at 3rd, no throw by CF
|
Batting: SHB Steve Salafia
|
0-0: Ball 1-0: Ground out 5-3 (Groundball, 5S, EV 63.1 MPH)
|
Batting: LHB Mike Murphy
|
0-0: Ground out 6-3 (Groundball, 6, EV 84.4 MPH)
|
Top of the 5th over - 0 runs, 1 hit, 0 errors, 1 left on base; Oakland 2 - Joplin 1 |
BOTTOM OF THE 5TH |
Joplin Blasters batting - Pitching for Oakland Oaks : RHP Alex Garrett
|
Batting: RHB Jason Birge
|
0-0: Ball 1-0: Called Strike 1-1: Foul Ball, location: 2F 1-2: Ball 2-2: Strikes out swinging
|
Batting: RHB Carlos Santoni
|
0-0: Ball 1-0: Ball 2-0: Foul Ball, location: 2F 2-1: Foul Ball, location: 2F 2-2: Foul Ball, location: 2F 2-2: Ball 3-2: Strikes out swinging
|
Batting: LHB Danny Pacheco
|
0-0: Ball 1-0: Foul Ball, location: 2F 1-1: Ball 2-1: Ground out 6-3 (Groundball, 6, EV 103.8 MPH)
|
Bottom of the 5th over - 0 runs, 0 hits, 0 errors, 0 left on base; Oakland 2 - Joplin 1 |
TOP OF THE 6TH |
Oakland Oaks batting - Pitching for Joplin Blasters : RHP Bryan Kiefer
|
Batting: LHB Marcus Pollard
|
0-0: Ball 1-0: SINGLE (Line Drive, 78S, EV 90.6 MPH)
|
Batting: RHB Jon Coakley
|
0-0: Foul Ball, location: 2F 0-1: Ball 1-1: Ball 2-1: Foul Ball, location: 2F 2-2: Ball 3-2: Reached on error, E3 (Groundball, 34S, EV 90.0 MPH) Marcus Pollard to second
|
Pitching: RHP Ian Current
|
|
Batting: RHB Jake Leffel
|
0-0: Foul Ball, location: 2F 0-1: Ball 1-1: Grounds into double play, 3-6-1 (Groundball, 13, EV 83.8 MPH) Marcus Pollard to third
|
Batting: RHB Alberto Malagon
|
0-0: Called Strike 0-1: Ball 1-1: Ground out 6-3 (Groundball, 6, EV 110.0 MPH)
|
Top of the 6th over - 0 runs, 1 hit, 1 error, 1 left on base; Oakland 2 - Joplin 1 |
BOTTOM OF THE 6TH |
Joplin Blasters batting - Pitching for Oakland Oaks : RHP Alex Garrett
|
Batting: RHB Kevin Wimberly
|
0-0: Swinging Strike 0-1: Ball 1-1: Foul Ball, location: 2F 1-2: Fly out, F8 (Flyball, 89M, EV 88.1 MPH)
|
Batting: LHB David Bearden
|
0-0: Ball 1-0: Foul Ball, location: 2F 1-1: Called Strike 1-2: Foul Ball, location: 2F 1-2: Strikes out swinging
|
Batting: RHB Bobby Matyas
|
0-0: Ball 1-0: Fly out, F4 (Line Drive, 4, EV 73.8 MPH)
|
Bottom of the 6th over - 0 runs, 0 hits, 0 errors, 0 left on base; Oakland 2 - Joplin 1 |
TOP OF THE 7TH |
Oakland Oaks batting - Pitching for Joplin Blasters : RHP Ian Current
|
Batting: RHB Brian Callaghan
|
0-0: SOLO HOME RUN (Flyball, 7D, EV 99.4 MPH), Distance : 363 ft
|
Batting: RHB Scott Lister
|
0-0: Called Strike 0-1: DOUBLE (Flyball, 78XD, EV 96.3 MPH)
|
Batting: LHB Alejandro Muniz
|
0-0: Intentional Walk
|
Batting: SHB Steve Salafia
|
0-0: Ball 1-0: Swinging Strike 1-1: Called Strike 1-2: Ball 2-2: Ball 3-2: Grounds into double play, 4-6-3 (Groundball, 4, EV 100.6 MPH) Scott Lister to third
|
Batting: LHB Mike Murphy
|
0-0: Ball 1-0: Foul Ball, location: 2F 1-1: Ball 2-1: Ball 3-1: Foul Ball, location: 2F 3-2: Base on Balls
|
Pitching: RHP John Barnett
|
|
Batting: LHB Marcus Pollard
|
0-0: Ball 1-0: Called Strike 1-1: Ball 2-1: Foul Ball, location: 2F 2-2: Strikes out swinging
|
Top of the 7th over - 1 run, 2 hits, 0 errors, 2 left on base; Oakland 3 - Joplin 1 |
BOTTOM OF THE 7TH |
Joplin Blasters batting - Pitching for Oakland Oaks : RHP Alex Garrett
|
Pitching: RHP Nasser bin Ata
|
|
Batting: LHB Josh Dalton
|
0-0: Swinging Strike 0-1: Fly out, F5 (Popup, 5SF, EV 81.9 MPH)
|
Batting: SHB Sean Hill
|
0-0: Ball 1-0: Called Strike 1-1: Ball 2-1: Swinging Strike 2-2: DOUBLE (Line Drive, 8RD, EV 90.6 MPH)
|
Batting: RHB Justin Goff
|
0-0: Called Strike 0-1: Swinging Strike 0-2: Strikes out swinging
|
Batting: RHB Jason Birge
|
0-0: Ball 1-0: Called Strike 1-1: Foul Ball, location: 2F 1-2: Strikes out swinging
|
Bottom of the 7th over - 0 runs, 1 hit, 0 errors, 1 left on base; Oakland 3 - Joplin 1 |
TOP OF THE 8TH |
Oakland Oaks batting - Pitching for Joplin Blasters : RHP John Barnett
|
Batting: RHB Jon Coakley
|
0-0: Foul Ball, location: 2F 0-1: Ground out 6-3 (Groundball, 6, EV 89.4 MPH)
|
Batting: RHB Jake Leffel
|
0-0: Ball 1-0: Called Strike 1-1: Swinging Strike 1-2: Ball 2-2: Ball 3-2: Ground out 4-3 (Groundball, 4, EV 81.9 MPH)
|
Batting: RHB Alberto Malagon
|
0-0: Ball 1-0: Foul Ball, location: 2F 1-1: DOUBLE (Line Drive, 89D, EV 108.1 MPH)
|
Batting: RHB Brian Callaghan
|
0-0: Called Strike 0-1: Called Strike 0-2: Ball 1-2: Hit by Pitch
|
Pitching: RHP Gary Ackerman
|
|
Batting: RHB Scott Lister
|
0-0: Ball 1-0: Called Strike 1-1: Ball 2-1: Ball 3-1: Base on Balls Alberto Malagon to third Brian Callaghan to second
|
Batting: LHB Alejandro Muniz
|
0-0: Called Strike 0-1: Ball 1-1: Called Strike 1-2: Ball 2-2: Ball 3-2: Base on Balls Alberto Malagon scores Brian Callaghan to third Scott Lister to second
|
Batting: SHB Steve Salafia
|
0-0: Called Strike 0-1: SINGLE (Line Drive, 7S, EV 94.4 MPH) Brian Callaghan scores Scott Lister to third Alejandro Muniz to second Runner from 3rd tries for Home, SAFE, throw by LF to home Alejandro Muniz to third Steve Salafia to second
|
Batting: LHB Mike Murphy
|
0-0: Swinging Strike 0-1: Ball 1-1: 3-RUN HOME RUN (Flyball, 89XD, EV 109.4 MPH), Distance : 430 ft
|
Batting: LHB Marcus Pollard
|
0-0: Single, Error in OF, E8, batter to second base (Groundball, 4MD, EV 105.0 MPH)
|
Batting: RHB Jon Coakley
|
0-0: Called Strike 0-1: DOUBLE (Line Drive, 8LXD, EV 103.8 MPH) Marcus Pollard scores
|
Batting: RHB Jake Leffel
|
0-0: Ball Wild Pitch! Jon Coakley to third 1-0: Ball 2-0: Ball 3-0: Called Strike 3-1: Foul Ball, location: 2F 3-2: Base on Balls
|
Batting: RHB Alberto Malagon
|
0-0: Called Strike 0-1: Ball 1-1: SINGLE (Groundball, 56D, EV 100.6 MPH) Jon Coakley scores Jake Leffel to second
|
Pitching: RHP Chance Argy
|
|
Pinch Hitting: RHB Rusty Prodoehl
|
0-0: Swinging Strike 0-1: Ball 1-1: Fly out, F7 (Flyball, 7, EV 80.0 MPH)
|
Top of the 8th over - 8 runs, 6 hits, 1 error, 2 left on base; Oakland 11 - Joplin 1 |
BOTTOM OF THE 8TH |
Joplin Blasters batting - Pitching for Oakland Oaks : RHP Nasser bin Ata
|
Now at SS: Antonio Olivares
|
|
Batting: RHB Carlos Santoni
|
0-0: Ball 1-0: Called Strike 1-1: Swinging Strike 1-2: Ball 2-2: Fly out, F8 (Flyball, 8RM, EV 88.1 MPH)
|
Batting: LHB Danny Pacheco
|
0-0: Called Strike 0-1: Hit by Pitch
|
Batting: RHB Kevin Wimberly
|
0-0: Ball Wild Pitch! Danny Pacheco to second 1-0: Ground out 6-3 (Groundball, 6S, EV 82.5 MPH)
|
Batting: LHB David Bearden
|
0-0: Swinging Strike 0-1: Ball 1-1: Foul Ball, location: 2F 1-2: SINGLE (Groundball, 6MS, EV 65.0 MPH) (infield hit) Danny Pacheco to third
|
Pinch Hitting: SHB Ryoji Hiraoka
|
0-0: Ball 1-0: Foul Ball, location: 2F 1-1: Swinging Strike 1-2: Strikes out swinging
|
Bottom of the 8th over - 0 runs, 1 hit, 0 errors, 2 left on base; Oakland 11 - Joplin 1 |
TOP OF THE 9TH |
Oakland Oaks batting - Pitching for Joplin Blasters : RHP Chance Argy
|
Now at SS: Ryoji Hiraoka
|
|
Batting: RHB Scott Lister
|
0-0: Ground out 6-3 (Groundball, 56, EV 85.0 MPH)
|
Pinch Hitting: RHB Darius Mitchell
|
0-0: Ball 1-0: Ball 2-0: Fly out, F2 (Popup, 23F, EV 90.6 MPH)
|
Batting: SHB Steve Salafia
|
0-0: Ball 1-0: Ball 2-0: Foul Ball, location: 2F 2-1: Fly out, F9 (Flyball, 9D, EV 93.8 MPH)
|
Top of the 9th over - 0 runs, 0 hits, 0 errors, 0 left on base; Oakland 11 - Joplin 1 |
BOTTOM OF THE 9TH |
Joplin Blasters batting - Pitching for Oakland Oaks : RHP Nasser bin Ata
|
Now at 1B: Brian Puccio
|
|
Batting: LHB Josh Dalton
|
0-0: Called Strike 0-1: Foul Ball, location: 2F 0-2: Foul Ball, location: 2F 0-2: Ball 1-2: Strikes out looking
|
Batting: SHB Sean Hill
|
0-0: Called Strike 0-1: Ball 1-1: Ball 2-1: Ball 3-1: Foul Ball, location: 2F 3-2: Base on Balls
|
Pitching: RHP Igoryok Wolgaevsky
|
|
Batting: RHB Justin Goff
|
0-0: Fly out, F4 (Popup, 4M, EV 54.4 MPH)
|
Batting: RHB Jason Birge
|
0-0: Called Strike 0-1: 2-RUN HOME RUN (Flyball, 7D, EV 97.5 MPH), Distance : 376 ft
|
Batting: RHB Carlos Santoni
|
0-0: Ball 1-0: Swinging Strike 1-1: Foul Ball, location: 2F 1-2: Ball 2-2: Ground out 5-3 (Groundball, 56S, EV 69.4 MPH)
|
Bottom of the 9th over - 2 runs, 1 hit, 0 errors, 0 left on base; Oakland 11 - Joplin 3 |
|